 Dungeon Crawl Stone Soup version 0.20.0-4-g10b340a (webtiles) character file.

4941 RKaid the Grappler (level 10, -3/86 HPs)
             Began as a Red Draconian Transmuter on May 26, 2017.
             Was an Elder of Makhleb.
             Slain by a komodo dragon (28 damage)
             ... on level 1 of the Lair of Beasts on May 27, 2017.
             The game lasted 00:47:05 (13548 turns).

RKaid the Grappler (Red Draconian Transmuter)      Turns: 13548, Time: 00:47:06

Health: -3/86      AC:  7    Str: 13    XL:     10   Next: 28%
Magic:  17/17      EV: 12    Int: 16    God:    Makhleb [****..]
Gold:   437        SH:  0    Dex: 12    Spells: 5/18 levels left

rFire    + . .     SeeInvis .     - Unarmed
rCold    . . .     Gourm    .   (no shield)
rNeg     . . .     Faith    .   (armour unavailable)
rPois    +         Spirit   .   (helmet restricted)
rElec    .         Reflect  +   (no cloak)
rCorr    .         Harm     .   (no gloves)
MR       .....     Rnd*Tele +   (no boots)
Stlth    +.........             t - +2 amulet of reflection
Regen    0.3/turn               F - ring of poison resistance {rPois}
MPRegen  0.2/turn               z - ring of teleportation (curse) {*tele}

@: confused
A: breathe fire, unfitting armour, fire resistance 1, cold-blooded, AC +7
a: Breathe Fire, Minor Destruction, Lesser Servant of Makhleb, Major
Destruction, Renounce Religion


You were on level 1 of the Lair of Beasts.
You worshipped Makhleb.
Makhleb was greatly pleased with you.
You were not hungry.

You visited 2 branches of the dungeon, and saw 11 of its levels.

You collected 437 gold pieces.

Inventory:

Hand Weapons
 b - a +2 hunting sling of freezing
   (You found it on level 3 of the Dungeon)
Missiles
 a - 66 arrows
 u - 307 stones (quivered)
 E - 44 sling bullets
Jewellery
 h - an uncursed ring of stealth {Stlth+}
   (You found it on level 6 of the Dungeon)
 i - an uncursed ring of positive energy {rN+}
   (You found it on level 9 of the Dungeon)
 t - a +2 amulet of reflection (around neck)
   (You found it on level 4 of the Dungeon)
 z - a cursed ring of teleportation (right hand) {*tele}
   (You found it on level 8 of the Dungeon)
 D - an uncursed ring of flight {+Fly}
   (You found it on level 6 of the Dungeon)
 F - a ring of poison resistance (left hand) {rPois}
   (You found it on level 8 of the Dungeon)
Wands
 l - a wand of polymorph (14/24)
   (You took it off Natasha on level 3 of the Dungeon)
 y - a wand of disintegration (0/24)
   (You found it on level 7 of the Dungeon)
 C - a wand of clouds (5/9)
   (You found it on level 9 of the Dungeon)
Scrolls
 d - 3 scrolls of immolation {!r}
 m - 3 scrolls of enchant weapon
 n - 2 scrolls of teleportation
 H - a scroll of silence {unknown}
Potions
 j - a potion of might
 k - a potion of flight
 o - 7 potions of curing
 q - a potion of berserk rage {!q}
 r - 2 potions of mutation {!q!q}
 B - a potion of haste {unknown}
 I - a potion of degeneration {unknown}
Books
 g - a book of Geomancy
   (You found it on level 6 of the Dungeon)
 s - a book of Changes
Miscellaneous
 G - a box of beasts
Comestibles
 c - 7 bread rations
 v - 4 meat rations
 w - 10 royal jellies


   Skills:
 + Level 7.6 Fighting
 - Level 1.7 Dodging
 * Level 10.5 Unarmed Combat
 + Level 4.7 Spellcasting
 + Level 7.5 Transmutations
 + Level 2.5 Invocations


You had 5 spell levels left.
You knew the following spells:

 Your Spells              Type           Power        Failure   Level  Hunger
a - Beastly Appendage     Tmut           ####..       1%          1    None
b - Sticks to Snakes      Tmut           ####....     1%          2    ##.....
c - Spider Form           Tmut/Pois      ###.......   10%         3    ###....
d - Blade Hands           Tmut           ####......   19%         5    ######.
A - Passwall              Tmut/Erth      ###.......   4%          2    ##.....


Dungeon Overview and Level Annotations

Branches:
Dungeon (10/15)            Temple (0/1) D:7            Lair (1/6) D:8
    Orc: D:9-12

Altars:
Ashenzari
Dithmenos
Gozag
Kikubaaqudgha
Makhleb
Qazlal
Uskayaw
Yredelemnul
The Shining One

Shops:
D:7 (   D:9 =

Annotations:
D:3 1 runed door, Sigmund
D:10 Harold; Josephine; endorz's ghost, journeyman DDFi


Innate Abilities, Weirdness & Mutations

You can breathe blasts of fire.
Your fiery red scales are hard. (AC +7)
You cannot fit into any form of body armour.
Your flesh is heat resistant. (rF+)
You are cold-blooded and may be slowed by cold attacks.


Message History

You punch the jelly!
You kill the jelly!
Makhleb accepts your kill.
You feel better.
(D) Dungeon (T) Temple (L) Lair
Where to? (Enter - D:8 @ (x,y), ? - help)
There is a stone staircase leading up here.
You climb upwards.
There is a stone staircase leading down here.
There is a staircase to the Lair here.
You climb downwards.
Welcome to the Lair of Beasts! 2 komodo dragons and an electric eel come into view.
The komodo dragon hisses angrily. x2
There is a staircase back to the Dungeon here.
Casting: Sticks to Snakes
Confirm with . or Enter, or press ? or * to list all spells.
Your feet morph into talons.
You punch the electric eel! Your kick misses the electric eel.
Your tail-slap misses the electric eel.
You barely miss the electric eel. Your kick misses the electric eel.
You barely miss the electric eel. Your kick misses the electric eel.
The komodo dragon bites you!!
The electric eel shoots out a bolt of lightning at you!
The bolt of electricity misses you.
You miss the electric eel. The komodo dragon bites you!
The electric eel shoots out a bolt of lightning at you!
The bolt of electricity hits you!
You barely miss the electric eel.
You claw the electric eel, but do no damage.
Your tail-slap misses the electric eel.
The komodo dragon bites you!
The electric eel shoots out a bolt of lightning at you!
The bolt of electricity hits you!
* * * LOW HITPOINT WARNING * * *
As you read the scroll of fear, it crumbles to dust.
You assume a fearsome visage.
The komodo dragon easily resists.
The komodo dragon looks frightened!
The electric eel looks frightened!
The komodo dragon barely misses you.
Evoke which item? (* to show all) (? for menu, Esc to quit)
Okay, then.
Press: ? - help, v - describe, . - travel
Here: a komodo dragon A staircase back to the Dungeon, spattered with blood.
Okay, then.
Okay, then.
Okay, then.
Okay, then.
Evoke which item? (* to show all) (? for menu, Esc to quit)
Okay, then.
Okay, then.
You feel agile all of a sudden. The komodo dragon misses you.
You see here a scroll labeled WUT LITYOREEZOMA.
Your transformation is almost over.
As you read the scroll of teleportation, it crumbles to dust.
You feel strangely unstable. The komodo dragon misses you.
The electric eel shoots out a bolt of lightning at you!
The bolt of electricity misses you. The bolt of electricity hits you!
* * * LOW HITPOINT WARNING * * *
Casting: Beastly Appendage
Confirm with . or Enter, or press ? or * to list all spells.
You create a snake!
You now have 68 arrows.
The komodo dragon bites you!
* * * LOW HITPOINT WARNING * * *
Your talons disappear.
Your adder bites the komodo dragon but does no damage.
The electric eel shoots out a bolt of lightning at you!
The bolt of electricity misses you.
Your surroundings suddenly seem different.
You start resting.
You feel a little less agile now.
You start resting.
You are suddenly yanked towards a nearby monster!
Your surroundings suddenly seem different.
The komodo dragon hisses angrily.
Casting: Sticks to Snakes
Confirm with . or Enter, or press ? or * to list all spells.
You create a snake!
You now have 67 arrows.
Casting: Sticks to Snakes
Confirm with . or Enter, or press ? or * to list all spells.
You create a snake!
You now have 66 arrows.
The komodo dragon barely misses you.
Your adder bites the komodo dragon but does no damage.
Your adder bites the komodo dragon. x3
You punch the komodo dragon! The komodo dragon bites you!!
* * * LOW HITPOINT WARNING * * *
Your adder closely misses the komodo dragon.
Your adder closely misses the komodo dragon.
Your adder bites the komodo dragon.
Your adder bites the komodo dragon but does no damage.
Your adder bites the komodo dragon but does no damage.
Your adder barely misses the komodo dragon.
Your adder bites the komodo dragon but does no damage.
Okay, then.
You are confused.
You feel invigorated.
Your adder barely misses the komodo dragon.
The komodo dragon misses you.
You bump into the rock wall.
Your adder bites the komodo dragon but does no damage. x2
The komodo dragon bites you!!
You die...

### ####@#
#..l## #.SS#
#...# #...#
#...### .
#....P###..
#..........
.####.........#


You could see a komodo dragon and 2 friendly adders.

Vanquished Creatures
  Pikel (D:8)
  Psyche (D:8)
  A hippogriff (D:7)
  3 hogs (D:9)
  A human (D:9)
  A hungry ghost (D:8)
  An ice beast (D:9)
  A sky beast (D:7)
  2 phantoms
  2 orc warriors (D:8)
  A slave (D:8)
  A necrophage (D:8)
  An ogre (D:8)
  A centaur (D:9)
  A crocodile (D:8)
  3 big kobolds
  5 bullfrogs
  4 scorpions
  2 wyvern skeletons
  3 crimson imps (D:7)
  2 howler monkeys (D:9)
  A quasit (D:9)
  2 centaur zombies
  2 bullfrog zombies (D:8)
  2 jellies (D:9)
  8 orc wizards
  A centaur skeleton (D:7)
  6 hounds
  2 orc priests
  A gnoll shaman (D:8)
  Jessica (D:2)
  3 iguanas
  Natasha (twice) (D:3)
  6 worker ants
  A killer bee zombie (D:6)
  A hound skeleton (D:8)
  Robin (D:3)
  7 gnolls (D:8)
  8 adders
  2 shadow imps
  An ooze (D:4)
  2 adder skeletons (D:4)
  An adder zombie (D:8)
  3 worms
  3 dart slugs
  5 leopard geckos
  24 orcs
  3 giant cockroaches
  9 goblins
  9 hobgoblins
  14 jackals
  4 quokkas
  2 ball pythons (D:1)
  7 bats
  6 frilled lizards
  A jackal skeleton (D:4)
  30 kobolds
  8 rats
  A plant (D:7)
228 creatures vanquished.

Vanquished Creatures (collateral kills)
  A hog (D:9)
  A black bear (D:6)
  A crimson imp (D:9)
  Natasha (D:3)
  An adder skeleton (D:6)
  A leopard gecko (D:3)
  An orc (D:8)
  2 goblins (D:3)
  A hobgoblin (D:3)
10 creatures vanquished.

Vanquished Creatures (others)
  A human (D:9)
  An orc wizard (D:8)
2 creatures vanquished.

Grand Total: 240 creatures vanquished

Notes
Turn   | Place    | Note
-------+----------+-------------------------------------------
     0 | D:1      | RKaid the Draconian Transmuter began the quest for the Orb.
     0 | D:1      | Reached XP level 1. HP: 16/16 MP: 3/3
    98 | D:1      | Reached XP level 2. HP: 19/23 MP: 5/5
   551 | D:1      | Learned a level 2 spell: Sticks to Snakes
   709 | D:1      | Reached XP level 3. HP: 29/29 MP: 6/6
   857 | D:2      | Found a burning altar of Makhleb.
   870 | D:2      | Reached skill level 2 in Fighting
  1006 | D:2      | Became a worshipper of Makhleb the Destroyer
  1046 | D:2      | Reached XP level 4. HP: 23/37 MP: 5/7
  1278 | D:2      | Noticed Jessica
  1300 | D:2      | Killed Jessica
  1300 | D:2      | Reached skill level 4 in Unarmed Combat
  1300 | D:2      | Reached skill level 3 in Transmutations
  2275 | D:3      | Found a faded altar of an unknown god.
  2354 | D:3      | Noticed Sigmund
  2434 | D:3      | Reached * piety under Makhleb
  2471 | D:3      | Noticed Natasha
  2480 | D:3      | Killed Natasha
  2480 | D:3      | Reached XP level 5. HP: 18/42 MP: 5/8
  2520 | D:3      | Noticed Natasha
  2571 | D:3      | HP: 6/42 [Natasha (7)]
  2574 | D:3      | HP: 2/42 [Natasha/magic dart (2)]
  2581 | D:3      | Killed Natasha
  2642 | D:3      | Noticed Robin
  2662 | D:3      | Killed Robin
  2695 | D:3      | Reached skill level 3 in Fighting
  2807 | D:3      | Found a runed door.
  2848 | D:3      | Noticed Natasha
  2856 | D:3      | Killed Natasha
  3309 | D:4      | Noticed a phantom
  3803 | D:3      | Reached skill level 5 in Unarmed Combat
  4604 | D:3      | HP: 8/45 [hound (4)]
  4616 | D:3      | HP: 7/45 [hound (2)]
  4635 | D:3      | Reached XP level 6. HP: 8/51 MP: 7/9
  5171 | D:4      | Reached skill level 4 in Transmutations
  5232 | D:4      | Reached skill level 4 in Fighting
  5384 | D:4      | Your scales start taking on a fiery red colour.
  5384 | D:4      | Reached XP level 7. HP: 59/59 MP: 10/10
  5384 | D:4      | Gained mutation: Your flesh is heat resistant. (rF+) [Red Draconian growth]
  5393 | D:4      | Reached skill level 6 in Unarmed Combat
  5662 | D:4      | Reached ** piety under Makhleb
  5851 | D:5      | Entered Level 5 of the Dungeon
  5959 | D:5      | Noticed a hippogriff
  6825 | D:6      | Learned a level 2 spell: Passwall
  7172 | D:5      | Reached skill level 7 in Unarmed Combat
  7172 | D:5      | Reached skill level 5 in Transmutations
  7635 | D:6      | Reached skill level 5 in Fighting
  7635 | D:6      | Reached XP level 8. HP: 60/68 MP: 9/11
  7819 | D:6      | Learned a level 3 spell: Spider Form
  8014 | D:7      | Killed a hippogriff
  8206 | D:7      | Found Oshruuxos's Antique Weapon Emporium.
  8445 | D:7      | Found a stormy altar of Qazlal.
  8469 | D:7      | Reached skill level 8 in Unarmed Combat
  8544 | D:6      | Reached *** piety under Makhleb
  8610 | D:7      | Found a staircase to the Ecumenical Temple.
  8900 | D:7      | Found a glowing golden altar of the Shining One.
  9200 | D:7      | Reached skill level 6 in Fighting
  9239 | D:8      | Noticed Pikel
  9391 | D:8      | Found a basalt altar of Yredelemnul.
  9395 | D:8      | Found a shattered altar of Ashenzari.
  9416 | D:8      | Reached skill level 6 in Transmutations
  9423 | D:8      | Found a staircase to the Lair.
  9466 | D:8      | Found a shadowy altar of Dithmenos.
  9469 | D:8      | Found a hide-covered altar of Uskayaw.
  9472 | D:8      | Found an opulent altar of Gozag.
  9832 | D:8      | Reached XP level 9. HP: 61/77 MP: 5/12
  9979 | D:8      | Upgraded the game from 0.20.0-3-g22ec75f to 0.20.0-4-g10b340a
  9997 | D:8      | Reached skill level 9 in Unarmed Combat
 10174 | D:8      | Noticed Psyche
 10187 | D:8      | Killed Psyche
 10227 | D:8      | Reached skill level 3 in Spellcasting
 10247 | D:8      | Killed Pikel
 10247 | D:8      | Reached skill level 7 in Fighting
 10275 | D:8      | Learned a level 5 spell: Blade Hands
 10603 | D:8      | Reached skill level 10 in Unarmed Combat
 10603 | D:8      | Reached skill level 4 in Spellcasting
 10603 | D:8      | Reached skill level 7 in Transmutations
 10604 | D:8      | Reached **** piety under Makhleb
 10817 | D:8      | HP: 17/79 [orc warrior/trident (16)]
 11329 | D:9      | Reached skill level 1 in Invocations
 11638 | D:9      | Reached XP level 10. HP: 86/86 MP: 16/16
 11790 | D:9      | Found an ancient bone altar of Kikubaaqudgha.
 11808 | D:9      | Found Qeakk's Jewellery Shoppe.
 11990 | D:9      | Reached skill level 2 in Invocations
 12506 | D:10     | Entered Level 10 of the Dungeon
 12529 | D:10     | Noticed Harold
 12550 | D:10     | HP: 18/86 [Harold/war axe of chopping (14)]
 12934 | D:10     | Noticed endorz's ghost (journeyman DDFi)
 12988 | D:10     | Noticed Josephine
 13022 | D:9      | HP: 21/86 [ice beast (12)]
 13345 | Lair:1   | Entered Level 1 of the Lair of Beasts
 13351 | Lair:1   | HP: 17/86 [electric eel/bolt of electricity (12)]
 13379 | Lair:1   | HP: 14/86 [electric eel/bolt of electricity (10)]
 13380 | Lair:1   | HP: 4/86 [komodo dragon (10)]
 13539 | Lair:1   | HP: 14/86 [komodo dragon (29)]
 13548 | Lair:1   | Slain by a komodo dragon

Skill      XL: |  1  2  3  4  5  6  7  8  9 10 |
---------------+-------------------------------+-----
Fighting       | 2 3 4 5 6 7 |  7.6
Unarmed Combat | 4 5 7 8 10 | 10.5
Transmutations | 3 4 5 6 7 |  7.5
Spellcasting   | 4 |  4.7
Invocations    | 1 2 |  2.5
Dodging        | |  1.7

Action                   |  1- 3 |  4- 6 |  7- 9 | 10-12 || total
-------------------------+-------+-------+-------+-------++-------
Melee: Unarmed           |    92 |   211 |   462 |    99 ||   864
       Tailslap          |     9 |    16 |    48 |    12 ||    85
       Headbutt          |     3 |     6 |    12 |     3 ||    24
       Punch             |     1 |     4 |    18 |     3 ||    26
       Kick              |       |     5 |    42 |     3 ||    50
 Fire: Hunting sling     |       |    62 |   164 |     2 ||   228
 Cast: Beastly Appendage |     4 |    17 |    33 |     5 ||    59
       Sticks to Snakes  |       |    14 |    27 |     9 ||    50
       Spider Form       |       |       |     1 |       ||     1
Evoke: Wand              |       |       |       |     3 ||     3
       Box of beasts     |       |       |       |     1 ||     1
  Use: Potion            |       |     3 |       |     4 ||     7
       Scroll            |       |     2 |    13 |     3 ||    18
 Stab: Sleeping          |       |     1 |     1 |       ||     2
       Distracted        |       |       |     1 |     1 ||     2
  Eat: Chunk             |     1 |     7 |    23 |     2 ||    33
       Fruit             |       |     3 |     4 |     5 ||    12
       Bread ration      |       |     1 |       |       ||     1
Armor: Skin              |    41 |    68 |   112 |    40 ||   261
Dodge: Dodged            |    82 |   128 |   246 |    78 ||   534
Block: Other             |       |     1 |    25 |     4 ||    30
       Reflection        |       |       |     2 |       ||     2

Table legend:
 A = Turns spent in this place as a percentage of turns spent in the entire game.
 B = Non-inter-level travel turns spent in this place as a percentage of non-inter-level travel turns spent in the entire game.
 C = Inter-level travel turns spent in this place as a percentage of turns spent in this place.
 D = Turns resting spent in this place as a percentage of non-inter-level travel turns spent in this place.
 E = Turns spent auto-exploring this place as a percentage of non-inter-level travel turns spent in this place.
 F = Non-inter-level travel turns spent in this place divided by the number of levels of this place that you've seen.
                   A       B       C       D       E      F
               +-------+-------+-------+-------+-------+----------------------
         Total | 100.0 | 100.0 |   0.7 |   4.0 |   5.3 | 361.1
       Dungeon |  98.4 |  98.4 |   0.7 |   4.0 |   5.4 | 390.7
          Lair |   1.6 |   1.6 |   0.0 |   4.6 |   0.0 |  65.0
               +-------+-------+-------+-------+-------+----------------------

Table legend:
 A = Kills in this place as a percentage of kills in entire the game.
 B = Kills by you in this place as a percentage of kills by you in the entire game.
 C = Kills by friends in this place as a percentage of kills by friends in the entire game.
 D = Other kills in this place as a percentage of other kills in the entire game.
 E = Experience gained in this place as a percentage of experience gained in the entire game.
 F = Experience gained in this place divided by the number of levels of this place that you have seen.
                   A       B       C       D       E      F
               +-------+-------+-------+-------+-------+----------------------
         Total | 100.0 | 100.0 | 100.0 |  -nan | 100.0 | 641.7
       Dungeon | 100.0 | 100.0 | 100.0 |  -nan | 100.0 | 705.9
               +-------+-------+-------+-------+-------+----------------------
